Map: Pride of Altaris LE

Players

DPGRogue (Rogue) - Winner!

  • Race: Zerg Zerg

Solar

  • Race: Zerg Zerg
  • League: Master

Event: TSL 8

VOD

Have the link to the VOD?

Description

Time

  • Played on: Dec. 10, 2021, 7:56 a.m.
  • Length: 7:01

All games in this series

Show
View Real Time Build Order
Export as new Build Order

DPGRogue Zerg - Winner!

Build Orders: Pool First, Zergling Baneling 

Get SALT Encoding   

  12  0:00  Drone  
  13  0:15  Extractor  
  12  0:23  Spawning Pool  
  12  0:27  Drone  
  12  0:32  Drone  
  13  0:37  Drone  
  14  0:47  Overlord  
  14  1:09  Queen  
  14  1:10  Zergling x2  
  17  1:15  Metabolic Boost  
  17  1:19  Zergling x2  
  17  1:23  Zergling x2  
  19  1:26  Zergling x2  
  20  1:33  Zergling x2  
  21  1:42  Overlord  
  21  1:55  Zergling x2  
  22  2:06  Hatchery  
  21  2:13  Zergling x2  
  22  2:18  Drone x2  
  22  2:22  Drone  
  25  2:26  Drone  
  26  2:32  Drone  
  27  2:39  Overlord  
  27  2:51  Drone  
  28  2:58  Baneling Nest  
  26  3:00  Drone x2  
  26  3:01  Zergling x2  
  29  3:13  Zergling x2  
  30  3:23  Queen  
  30  3:24  Drone  
  33  3:29  Zergling x6  
  33  3:34  Zergling x2  
  37  3:37  Zergling x2  
  37  3:39  Zergling x2  
  38  3:41  Zergling x2  
  38  3:43  Baneling  
  38  3:45  Baneling  
  39  3:50  Zergling x2  
  39  3:52  Baneling  
  39  3:53  Zergling x2  
  41  3:59  Zergling x2  
  38  4:03  Queen  
  38  4:09  Zergling x2  
  40  4:11  Zergling x4  
  40  4:16  Drone x2  
  42  4:19  Baneling x2  
  42  4:23  Zergling x2  
  43  4:24  Baneling x2  
  43  4:29  Baneling x2  
  43  4:36  Drone  
  44  4:43  Drone  
  44  4:45  Drone  
  43  4:48  Overlord  
  43  4:51  Drone  
  43  4:52  Drone x3  
  44  4:54  Drone  
  39  5:00  Zergling x2  
  39  5:03  Zergling x2  
  40  5:13  Zergling x2  
  39  5:14  Zergling x8  
  39  5:16  Baneling x2  
  39  5:18  Zergling x2  
  44  5:23  Zergling x4  
  44  5:24  Zergling x2  
  44  5:26  Zergling x2  
  44  5:38  Drone  
  44  5:39  Drone  
  46  5:47  Baneling x2  
  46  5:48  Hatchery, Overlord  
  45  5:51  Baneling x2  
  45  5:53  Overlord  
  45  5:56  Overlord  
  45  6:01  Overlord  
  44  6:08  Drone  
  44  6:09  Drone x4  
  49  6:15  Zergling x2  
  49  6:19  Zergling x4, Baneling  
  49  6:20  Baneling x2  
  49  6:22  Zergling x2  
  49  6:23  Zergling x2  
  49  6:24  Zergling x2  
  53  6:31  Extractor  
  50  6:35  Zergling x2  
  50  6:36  Zergling x4  
  49  6:42  Zergling x2  
Show
View Real Time Build Order
Export as new Build Order

Solar Zerg 

Build Orders: Hatch First, Zergling Baneling 

Get SALT Encoding   

  12  0:01  Drone  
  13  0:12  Overlord  
  13  0:17  Drone  
  14  0:31  Drone x2  
  16  0:50  Hatchery  
  16  0:52  Drone  
  16  0:55  Drone  
  17  0:59  Drone  
  18  1:09  Extractor  
  17  1:14  Spawning Pool  
  17  1:17  Drone  
  17  1:20  Drone  
  18  1:27  Drone  
  19  1:40  Drone  
  20  1:54  Overlord  
  20  2:01  Queen  
  20  2:04  Zergling x2  
  25  2:09  Zergling x2  
  26  2:16  Zergling x2  
  27  2:26  Baneling Nest  
  25  2:30  Zergling x2  
  25  2:37  Zergling x4, Spine Crawler  
  23  2:40  Metabolic Boost  
  23  2:42  Overlord  
  25  2:45  Zergling x2  
  25  2:47  Zergling x2  
  27  2:54  Zergling x2  
  28  3:07  Zergling x2  
  28  3:09  Baneling x2  
  28  3:10  Zergling x4  
  31  3:13  Zergling x2  
  31  3:21  Baneling  
  31  3:23  Baneling, Zergling x2  
  31  3:42  Hatchery, Baneling  
  31  3:46  Zergling x2  
  31  3:49  Zergling x2  
  31  3:52  Zergling x2  
  31  3:55  Zergling x2  
  34  4:00  Zergling x2  
  33  4:06  Drone  
  34  4:16  Drone  
  32  4:19  Zergling x2  
  32  4:21  Zergling x2  
  34  4:25  Baneling  
  34  4:28  Zergling x2  
  34  4:30  Baneling x2  
  35  4:41  Queen  
  35  4:45  Drone  
  37  4:50  Drone  
  35  4:55  Drone x2  
  35  4:58  Baneling  
  34  5:04  Zergling x4  
  34  5:06  Zergling x2  
  33  5:10  Zergling x2  
  33  5:12  Zergling x2  
  32  5:16  Zergling x2  
  32  5:18  Zergling x2  
  34  5:22  Baneling x2  
  34  5:29  Zergling x4  
  34  5:35  Zergling x6  
  36  5:41  Zergling x2  
  37  5:44  Zergling x2  
  37  5:48  Baneling x2  
  38  5:50  Overlord  
  38  5:53  Drone  
  39  5:58  Drone  
  39  6:03  Drone  
  41  6:07  Baneling x2  
  41  6:08  Zergling x6  
  43  6:12  Drone  
  43  6:14  Zergling x2  
  39  6:20  Queen  
  39  6:24  Zergling x2  
  41  6:29  Zergling x2  
  41  6:32  Zergling x2  
  39  6:34  Zergling x2  
  39  6:37  Zergling x2  
  37  6:40  Zergling x2  
  37  6:43  Zergling x2  
  37  6:44  Baneling  
Tags
 
Add a new tag
Caveats
  • Supply blocks, unpowered buildings, or Contaminate may cause inaccurate times.
  • Supply counts are checked every 10 seconds.